 Dungeon Crawl Stone Soup version 0.31.0-32-g396128a36d (webtiles) character file.

Game seed: 8326637420194839593

3111 Marvel the Covert (level 9, 0/85 HPs)
             Began as an Octopode Shapeshifter on Mar 14, 2024.
             Was a Follower of Dithmenos.
             Slain by Duvessa
             ... wielding a +0 short sword
              (4 damage)
             ... on level 7 of the Dungeon.
             The game lasted 00:26:02 (5451 turns).

Marvel the Covert (Octopode Shapeshifter)           Turns: 5451, Time: 00:26:03

Health: 0/85       AC: 24    Str: 13    XL:     9   Next: 91%
Magic:  9/9        EV:  2    Int: 17    God:    Dithmenos [*.....]
Gold:   508        SH:  0    Dex: 25    Spells: 8/8 levels left

rFire   . . .        k - +4 dagger (venom)
rCold   . . .        (no shield)
rNeg    . . .        (helmet currently unavailable)
rPois   +            (no amulet)
rElec   .            o - +6 ring of intelligence
rCorr   .            u - +6 ring of dexterity
SInv    .            (no ring)
Will    .....        (no ring)
Stlth   ++++++       (no ring)
HPRegen 0.34/turn    (no ring)
MPRegen 0.11/turn    (no ring)
                     (no ring)

%: no passive effects
@: tree-form, wreathed by umbra
A: stationary, stasis, torment immunity, boosted hp, almost no armour,
(amphibious), 8 rings, (camouflage 1), (gelatinous body 1), (nimble swimmer 1),
(tentacles), agile 1, (poison resistance)
a: Renounce Religion


You were on level 7 of the Dungeon.
You worshipped Dithmenos.
Dithmenos was aware of your devotion.
You were a tree.
You visited 2 branches of the dungeon, and saw 8 of its levels.
You also visited: Ossuary.

You collected 508 gold pieces.

Inventory:

Hand Weapons
 d - a +0 dagger of electrocution
 h - a +0 dagger of draining
 k - a +4 dagger of venom (weapon)
Missiles
 g - a throwing net
 s - 2 poisoned darts (quivered)
Jewellery
 o - a +6 ring of intelligence (left branch)
 u - a +6 ring of dexterity (right branch)
 v - a ring of wizardry
Talismans
 b - a beast talisman
 c - a flux talisman
Wands
 p - a wand of iceblast (2)
Scrolls
 e - a scroll of identify
 l - a scroll of revelation {unknown}
 m - 4 scrolls of teleportation {unknown}
 r - 2 scrolls of blinking
 w - a scroll of immolation
 y - a scroll of enchant armour
Potions
 a - 2 potions of lignification
 f - 2 potions of enlightenment
 i - a potion of resistance
 n - 2 potions of haste
 q - 2 potions of curing
 t - a potion of ambrosia
 x - a potion of brilliance
 z - a potion of attraction


   Skills:
 + Level 3.3 Fighting
 * Level 8.0 Short Blades
 + Level 0.6 Throwing
 + Level 5.2 Dodging
 + Level 10.0 Stealth
 - Level 3.0 Unarmed Combat
 + Level 1.9 Evocations
 + Level 5.5 Shapeshifting


You had 8 spell levels left.
You didn't know any spells.
Your spell library contained the following spells:

 Spells                   Type           Power      Damage    Failure   Level
 Kiss of Death            Conj/Necr      0%         2d5       24%         1
 Necrotise                Necr           0%         1d4       24%         1
 Ensorcelled Hibernation  Hex/Ice        0%         N/A       34%         2
 Static Discharge         Conj/Air       0%         3-3/arc   34%         2
 Sublimation of Blood     Necr           0%         N/A       34%         2
 Confusing Touch          Hex            0%         N/A       56%         3
 Fugue of the Fallen      Necr           0%         N/A       56%         3
 Vampiric Draining        Necr           0%         2d6       56%         3
 Airstrike                Air            0%         2d(0-16)  93%         4
 Anguish                  Hex/Necr       0%         N/A       93%         4
 Dispel Undead            Necr           0%         3d6       93%         4
 Martyr's Knell           Necr/Summ      0%         N/A       93%         4
 Petrify                  Alch/Erth      0%         N/A       93%         4
 Summon Lightning Spire   Summ/Air       0%         N/A       93%         4
 Curse of Agony           Necr           0%         N/A       100%        5
 Irradiate                Conj/Alch      0%         3d11      100%        5


Dungeon Overview and Level Annotations

Branches:
Dungeon (7/15)             Temple (1/1) D:5         Ossuary (visited)

Altars:
Ashenzari
Cheibriados
Dithmenos
Elyvilon
Fedhas
Gozag
Hepliaklqana
Kikubaaqudgha
Makhleb
Nemelex Xobeh
Okawaru
Qazlal
Ru
Sif Muna
Trog
Uskayaw
Vehumet
Wu Jian
Xom
Yredelemnul
Zin
The Shining One

Annotations:
D:7 Duvessa


Innate Abilities, Weirdness & Mutations

You are a tree.
Your roots penetrate the ground, keeping you stationary.
You cannot be teleported.
You are immune to unholy pain and torment.
Your maximum health is greatly increased.
You cannot wear most types of armour.
((You are amphibious.))
You can wear up to eight rings at the same time.
((Your skin changes colour to match your surroundings (Stealth+).))
((Your rubbery body absorbs attacks. (AC +1, EV +1)))
((You are camouflaged when in or above water. (Stealth+)))
((You have tentacles for arms and can constrict up to eight enemies at once.))
You are agile. (Dex +4, Str/Int -1)
((Your system is resistant to poisons. (rPois)))


Message History

Dithmenos accepts your kill.
Duvessa screams in rage.
Duvessa goes berserk!
Duvessa completely misses you.
Your Stealth skill increases to level 10!
You hit Duvessa. You grab Duvessa.
Duvessa is lightly wounded.
You constrict Duvessa, but do no damage.
Duvessa hits you with a +0 short sword!
You hit Duvessa.
Duvessa is poisoned.
You squeeze Duvessa.
Duvessa is moderately wounded.
You constrict Duvessa. Duvessa hits you with a +0 short sword!
* * * LOW HITPOINT WARNING * * *
You feel much better.
You constrict Duvessa. Duvessa hits you with a +0 short sword!
* * * LOW HITPOINT WARNING * * *
You puncture Duvessa!
Duvessa looks as sick as possible!
Duvessa is heavily wounded.
You constrict Duvessa. Duvessa hits you with a +0 short sword!
* * * LOW HITPOINT WARNING * * *
You hit Duvessa but do no damage. You squeeze Duvessa.
Duvessa is heavily wounded.
You constrict Duvessa. Duvessa barely misses you.
Okay, then.
You puncture Duvessa! You squeeze Duvessa, but do no damage.
Duvessa is severely wounded.
You constrict Duvessa. Duvessa hits you with a +0 short sword!
* * * LOW HITPOINT WARNING * * *
Your transformation has ended.
You turn into a tree.
Your roots penetrate the ground.
You lose your grip on Duvessa.
Duvessa hits you but does no damage.
You hit Duvessa.
Duvessa looks as sick as possible!
Duvessa is almost dead.
Duvessa hits you but does no damage.
You hit Duvessa.
Duvessa looks as sick as possible!
Duvessa is almost dead.
Duvessa hits you but does no damage.
You hit Duvessa but do no damage.
Duvessa is almost dead.
Duvessa hits you with a +0 short sword.
You die...

....#
######.###..##..'....#
....#
##..###.###..##..#....#
....#
#.........#..##..#....+
....#
#.........#..##..#....#
....#
#.........#.<.)..#^...#
....#
#.........#......#....#
....#
####.######+###..+....#
....#
#.##.......#+##....#
....# #..♣).......
#'### #..#e.......
....# ####........
>...# #......##+##.
##'## #......# ....#
#......# ....# #......#
....# #......+ ....#
#......#


You could see Duvessa (berserk, extremely poisoned).

Vanquished Creatures
  Pikel (D:7)
  Maggie (D:7)
  Prince Ribbit (D:7)
  A wraith (D:6)
  3 water moccasins
  3 black bears
  A sky beast (D:7)
  2 ogres (D:5)
  A phantom (D:5)
  A bullfrog (D:6)
  A gnoll sergeant (D:7)
  A scorpion (D:6)
  Dowan (D:7)
  2 wights (D:6)
  A bombardier beetle (D:5)
  2 jellies
  4 hounds
  4 orc priests
  Jessica (D:2)
  4 orc wizards
  8 mummies (Ossuary)
  Robin (D:3)
  5 gnolls (D:7)
  7 adders
  A shadow imp (D:4)
  3 dart slugs
  2 ribbon worms
  11 orcs
  6 endoplasms
  5 giant cockroaches
  3 gnoll zombies (Ossuary)
  14 goblins
  5 hobgoblins
  6 jackals (D:2)
  6 quokkas
  10 ball pythons
  7 bats
  4 frilled lizards
  A hobgoblin zombie (Ossuary)
  8 kobolds
  2 kobold zombies (Ossuary)
  2 orc zombies (Ossuary)
  5 rats
158 creatures vanquished.

Notes
Turn   | Place    | Note
-------+----------+-------------------------------------------
     0 | D:1      | Marvel the Octopode Shapeshifter began the quest for the
                  | Orb.
     0 | D:1      | Reached XP level 1. HP: 13/13 MP: 1/1
   100 | D:1      | Reached XP level 2. HP: 12/18 MP: 2/2
   104 | D:1      | Reached skill level 1 in Short Blades
   398 | D:1      | Reached XP level 3. HP: 23/23 MP: 3/3
   714 | D:2      | Noticed Jessica
   722 | D:2      | Killed Jessica
   723 | D:2      | Reached skill level 1 in Stealth
   750 | D:2      | Reached XP level 4. HP: 27/28 MP: 4/4
   752 | D:2      | Reached skill level 2 in Stealth
  1199 | D:3      | Noticed Robin
  1406 | D:3      | Reached XP level 5. HP: 32/33 MP: 5/5
  1481 | D:3      | Found a faded altar of an unknown god.
  1487 | D:3      | Reached skill level 3 in Stealth
  1710 | D:3      | Killed Robin
  2422 | D:4      | Reached skill level 4 in Stealth
  2422 | D:4      | Reached XP level 6. HP: 23/38 MP: 6/6
  3016 | D:5      | Entered Level 5 of the Dungeon
  3035 | D:5      | Gained mutation: Your system is resistant to poisons.
                  | (rPois) [potion of mutation]
  3035 | D:5      | Gained mutation: You are agile. (Dex +4, Str/Int -1)
                  | [potion of mutation]
  3075 | D:5      | Noticed a water moccasin
  3083 | D:5      | Killed a water moccasin
  3084 | D:5      | Reached XP level 7. HP: 35/44 MP: 7/7
  3141 | D:5      | Reached skill level 5 in Stealth
  3403 | D:5      | Reached skill level 5 in Short Blades
  3484 | D:5      | Reached skill level 6 in Stealth
  3534 | D:5      | Found a staircase to the Ecumenical Temple.
  3542 | Temple   | Entered the Ecumenical Temple
  3583 | Temple   | Became a worshipper of Dithmenos the Shadowed
  3635 | D:5      | Reached XP level 8. HP: 46/51 MP: 8/8
  4109 | D:6      | Found a sand-covered staircase.
  4157 | D:6      | Noticed a wraith
  4162 | D:6      | Killed a wraith
  4174 | Ossuary  | Entered an ossuary
  4304 | Ossuary  | Reached skill level 7 in Stealth
  4797 | D:7      | Reached XP level 9. HP: 38/55 MP: 9/9
  4812 | D:7      | Reached * piety under Dithmenos
  4940 | D:7      | Reached skill level 8 in Stealth
  4967 | D:7      | Noticed Pikel
  4972 | D:7      | Killed Pikel
  4973 | D:7      | Reached skill level 5 in Dodging
  4973 | D:7      | Reached skill level 1 in Evocations
  4973 | D:7      | Reached skill level 5 in Shapeshifting
  5008 | D:7      | Found a bloodstained altar of Trog.
  5016 | D:7      | Reached skill level 9 in Stealth
  5269 | D:7      | Noticed Prince Ribbit
  5280 | D:7      | Killed Prince Ribbit
  5400 | D:7      | Noticed Maggie
  5404 | D:7      | Killed Maggie
  5428 | D:7      | Noticed Dowan
  5429 | D:7      | Noticed Duvessa
  5441 | D:7      | Killed Dowan
  5442 | D:7      | Reached skill level 10 in Stealth
  5447 | D:7      | HP: 2/57 [Duvessa/+0 short sword (7)]
  5451 | D:7      | Slain by Duvessa

Illustrated notes

Levels and vault maps discovered:
D:1:      elethiomel_arrival_maze, layout_rooms
D:2:      layout_rooms, uniq_jessica
D:3:      layout_basic, hellmonk_ecumenical_altar_leap_of_faith, uniq_robin
D:4:      layout_gridville
D:5:      layout_loops_cross, minmay_temple_entry_large_hall, st_stairs_9
D:6:      layout_basic, nicolae_ossuary_entry_false_entrances
D:7:      layout_gridville, trog_ov_bears_minmay, uniq_maurice, uniq_maggie,
          uniq_pikel, uniq_duvessa, uniq_prince_ribbit1
Temple:   kilobyte_greek_temple

Skill      XL: |  1  2  3  4  5  6  7  8  9 |
---------------+----------------------------+-----
Short Blades   | 1 2 3 4 5 6 8 |  8.0
Stealth        | 1 2 4 6 7 10 | 10.0
Dodging        | 3 4 5 |  5.2
Fighting       | 2 3 |  3.3
Shapeshifting  | 4 5 |  5.5
Evocations     | 1 |  1.9
Throwing       | |  0.6
Unarmed Combat | |  3.0

Action                     |  1- 3 |  4- 6 |  7- 9 || total
---------------------------+-------+-------+-------++-------
  Melee: Dagger            |    43 |   110 |   137 ||   290
         Unarmed           |     3 |       |       ||     3
         Constrict         |    12 |    31 |    35 ||    78
         Tentacles         |     4 |    31 |    37 ||    72
         Punch             |     1 |     3 |     6 ||    10
  Throw: Dart              |       |     3 |       ||     3
  Evoke: Wand              |       |       |    10 ||    10
    Use: Potion            |     3 |     2 |     4 ||     9
         Scroll            |       |       |    17 ||    17
   Stab: Sleeping          |    10 |    15 |    16 ||    41
         Distracted        |       |       |     1 ||     1
 Armour: Skin              |    17 |    40 |    46 ||   103
  Dodge: Dodged            |    21 |    59 |    58 ||   138
